[Event "Titled Tuesday Blitz January 10 Late 2023"]
[White "Souleidis, Georgios"]
[Black "Gasparyan, David"]
[WhiteFideId "4206827"]
[BlackFideId "13311980"]
[WhiteElo "2419"]
[BlackElo "2142"]
[Result "0-1"]
[Round "10"]
[TimeControl "180+2"]
[Date "2023.01.10"]
[WhiteClock "0:00:04"]
[BlackClock "0:00:10"]

1. e4 c5 2. Nf3 e6 3. g3 Nc6 4. Bg2 d5 5. exd5 exd5 6. d4 c4 7. O-O Nf6 8. Re1+ Be7 9. b3 cxb3 10. axb3 O-O 11. Ne5 Bf5 12. Nxc6 bxc6 13. Nc3 Bb4 14. Bd2 a5 15. Na4 Ne4 16. c3 Bd6 17. Be3 Qf6 18. f3 Ng5 19. Qd2 Nh3+ 20. Kh1 h5 21. Nc5 Qg6 22. Nb7 Bc7 23. Nc5 Rfe8 24. Bf2 Ng5 25. Rxe8+ Rxe8 26. Re1 Ra8 27. h4 Nh3 28. Bxh3 Bxh3 29. Qg5 Qc2 30. Qe3 Bxg3 31. Re2 Bxf2 32. Rxf2 Qg6 33. Qg5 Qb1+ 34. Kh2 Qe1 35. Qg1 Qxg1+ 36. Kxg1 Bf5 37. Re2 Kf8 38. Re5 g6 39. Kf2 Rb8 40. Re1 Kg7 41. Ra1 Rb5 42. Ke3 Kf6 43. Kf4 Kg7 44. Ra3 f6 45. Na6 Bc2 46. Nc5 Kh6 47. Ke3 g5 48. Kd2 Bf5 49. hxg5+ fxg5 50. Ke3 h4 51. Ra1 Kh5 52. Kf2 Bc2 53. Ra3 g4 54. fxg4+ Kxg4 55. Kg2 h3+ 56. Kh2 Rb8 57. Ra1 Bxb3 58. Rg1+ Kh4 59. Ne6 Bc2 60. Nf4 Bf5 61. Ne2 Rf8 62. Ng3 Bg4 63. Nh1 a4 64. Ra1 Re8 0-1


[Site "https://www.chess.com"]

[Event "Titled Tuesday Blitz January 10 Late 2023"]
[White "Adewumi, Tanitoluwa"]
[Black "Reprintsev, Alexander"]
[WhiteFideId "30966396"]
[BlackFideId "14100541"]
[WhiteElo "2283"]
[BlackElo "2253"]
[Result "0-1"]
[Round "10"]
[TimeControl "180+2"]
[Date "2023.01.10"]
[WhiteClock "0:00:02"]
[BlackClock "0:00:38"]

1. e4 d5 2. exd5 Qxd5 3. Nc3 Qa5 4. d4 Nf6 5. Nf3 Nc6 6. Bd2 Bg4 7. Nb5 Qb6 8. c4 Bxf3 9. Qxf3 Nxd4 10. Nxd4 Qxd4 11. Qxb7 Qe4+ 12. Qxe4 Nxe4 13. Ba5 O-O-O 14. Be2 e6 15. O-O Bc5 16. g3 Bb6 17. Bxb6 axb6 18. Rfd1 Nd2 19. f3 Rd4 20. Kf2 Rhd8 21. Rac1 e5 22. Ke1 e4 23. f4 f5 24. Kf2 c5 25. b3 Kc7 26. Ke3 h6 27. g4 fxg4 28. Bxg4 Rd3+ 29. Ke2 Nf3 30. Rxd3 Rxd3 31. h3 Nd4+ 32. Ke1 h5 33. Bxh5 Rxh3 34. Be2 Re3 0-1


[Site "https://www.chess.com"]

[Event "Titled Tuesday Blitz January 10 Late 2023"]
[White "TheKnightOfBosnia"]
[Black "Goncalves, Davi Sulzbacher"]
[BlackFideId "2154510"]
[WhiteElo "2537"]
[BlackElo "2282"]
[Result "1-0"]
[Round "10"]
[TimeControl "180+2"]
[Date "2023.01.10"]
[WhiteClock "0:01:37"]
[BlackClock "0:00:11"]

1. e4 e5 2. Nf3 Qe7 3. Nc3 c6 4. d4 d6 5. Bd3 g6 6. h3 Bg7 7. dxe5 dxe5 8. O-O Nh6 9. Ne2 f6 10. a4 Be6 11. Be3 c5 12. Bb5+ Nc6 13. Nc3 O-O 14. Nd5 Qd7 15. c3 Rad8 16. Bxc5 Rfe8 17. Bxa7 Nf7 18. Bb6 Rc8 19. Be3 Qd8 20. Nb6 Rb8 21. Qxd8 Rexd8 22. Rfd1 Nd6 23. Bxc6 bxc6 24. a5 Bc4 25. Rxd6 1-0


[Site "https://www.chess.com"]

[Event "Titled Tuesday Blitz January 10 Late 2023"]
[White "Fiorito, Francisco"]
[Black "Bozorov, Makhsum"]
[WhiteFideId "180165"]
[BlackFideId "14201330"]
[WhiteElo "2305"]
[BlackElo "2145"]
[Result "1-0"]
[Round "10"]
[TimeControl "180+2"]
[Date "2023.01.10"]
[WhiteClock "0:00:18"]
[BlackClock "0:00:22"]

1. Nf3 Nf6 2. g3 g6 3. Bg2 Bg7 4. O-O O-O 5. c4 c6 6. d4 d5 7. cxd5 cxd5 8. Ne5 Nc6 9. Nxc6 bxc6 10. Nc3 Ne4 11. Nxe4 dxe4 12. Be3 f5 13. Rc1 Be6 14. Rxc6 Bxa2 15. Qd2 Bd5 16. Rc5 e6 17. Bh6 Rc8 18. Bxg7 Kxg7 19. Rfc1 Qd7 20. e3 Rxc5 21. dxc5 Rc8 22. Bf1 Qe7 23. b4 Kg8 24. Qd4 Qg7 25. Qd2 Qb7 26. b5 Qe7 27. Qd4 Qg7 28. Qb4 Qe7 29. Qa3 h5 30. h4 Kh7 31. Be2 Kh6 32. Qa1 Kh7 33. c6 Qg7 34. Qxg7+ Kxg7 35. c7 Bb7 36. b6 axb6 37. Bb5 Kf6 38. Bd7 Ke7 39. Bxc8 Bxc8 40. Rd1 Bd7 41. Rc1 Bc8 42. Rb1 Kd7 43. Rxb6 Kxc7 44. Rb4 Kd6 45. Kf1 Bd7 46. Ke1 Bc6 47. Kd2 Bd5 48. Kc3 Ke5 49. Rb8 Kf6 50. Kd4 Ba2 51. Kc5 g5 52. Rh8 gxh4 53. gxh4 Kg6 54. Kd6 Bd5 55. Ke5 Bb3 56. Re8 Kf7 57. Rh8 Kg6 58. Rb8 Ba2 59. Ra8 Bb3 60. Ra7 Bc4 61. Re7 Bb3 62. Rxe6+ Bxe6 63. Kxe6 f4 64. exf4 e3 65. fxe3 Kg7 66. Kf5 Kf7 67. Kg5 Kg7 68. Kxh5 Kf7 69. Kg5 Kg7 70. h5 Kf7 71. h6 Kg8 72. e4 Kh8 73. e5 Kg8 74. e6 Kh8 75. e7 Kg8 76. e8=Q+ Kh7 77. Qf7+ 1-0


[Site "https://www.chess.com"]

[Event "Titled Tuesday Blitz January 10 Late 2023"]
[White "Estrada Nieto, Julian"]
[Black "gshwbedhkhd"]
[WhiteFideId "5101018"]
[WhiteElo "2215"]
[BlackElo "2527"]
[Result "1/2-1/2"]
[Round "10"]
[TimeControl "180+2"]
[Date "2023.01.10"]
[WhiteClock "0:00:04"]
[BlackClock "0:01:03"]

1. e4 c5 2. Nf3 e6 3. c3 Nf6 4. e5 Nd5 5. Bc4 d6 6. d4 cxd4 7. cxd4 Be7 8. O-O O-O 9. Qe2 b6 10. Bd2 Bb7 11. Nc3 Nxc3 12. Bxc3 Nd7 13. Rad1 Rc8 14. Bb3 Qc7 15. d5 exd5 16. e6 Nc5 17. exf7+ Rxf7 18. Bxd5 Bxd5 19. Rxd5 Rcf8 20. Bb4 Bf6 21. Rfd1 Re8 22. Qc2 Nb7 23. Qd2 Be5 24. Nxe5 dxe5 25. Rd7 Rxd7 26. Qxd7 Qxd7 27. Rxd7 Rd8 28. Rxd8+ Nxd8 29. Kf1 Kf7 30. Ke2 Ke6 31. Kd3 Kd5 32. a4 a5 33. Bd2 Nb7 34. Be3 Kc6 35. Ke4 Nd6+ 36. Kd3 g6 37. f3 b5 38. axb5+ Kxb5 39. Bg5 a4 40. g4 Nc4 41. Kc3 Nb6 42. Be3 Nd5+ 43. Kd3 Nxe3 44. Kxe3 Kb4 45. Kd2 Kb3 46. Kc1 g5 47. h3 h6 48. Kb1 Kb4 49. Kc2 Kc4 50. Kd2 Kd4 51. Ke2 Kc4 52. Kd2 Kb3 53. Kc1 Kb4 54. Kc2 Kc4 55. Kd2 1/2-1/2


[Site "https://www.chess.com"]

[Event "Titled Tuesday Blitz January 10 Late 2023"]
[White "Winterberg, Lukas"]
[Black "Dudzinski, Pawel"]
[WhiteFideId "24622702"]
[BlackFideId "1117890"]
[WhiteElo "2402"]
[BlackElo "2186"]
[Result "1-0"]
[Round "10"]
[TimeControl "180+2"]
[Date "2023.01.10"]
[WhiteClock "0:00:23"]
[BlackClock "0:00:03"]

1. Nf3 g6 2. b3 Bg7 3. d4 f5 4. Bb2 d6 5. h4 Nf6 6. d5 O-O 7. c4 c6 8. Nc3 Na6 9. Qd2 Qa5 10. Ng5 Nc5 11. dxc6 bxc6 12. e3 h6 13. Nf3 Nfe4 14. Nxe4 Qxd2+ 15. Nexd2 Bxb2 16. Rb1 Bc3 17. Be2 Ne4 18. Bd3 Nxd2 19. Nxd2 a5 20. Ke2 Bxd2 21. Kxd2 c5 22. f4 Bb7 23. Rhg1 h5 24. g3 e5 25. Rge1 Rfd8 26. Kc3 Kg7 27. Bc2 Kf6 28. Rbd1 d5 29. cxd5 Rxd5 30. Rxd5 Bxd5 31. Rd1 Ke6 32. Bd3 a4 33. Bc4 Bxc4 34. Kxc4 axb3 35. axb3 Ra2 36. Rd8 Rc2+ 37. Kb5 Rc3 38. Re8+ Kd6 39. Rg8 Rxb3+ 40. Kc4 Rb4+ 41. Kc3 Re4 42. Rxg6+ Kd5 43. Kd2 Ra4 44. Rg5 1-0


[Site "https://www.chess.com"]

[Event "Titled Tuesday Blitz January 10 Late 2023"]
[White "Lacasa Diaz, Jose Antonio"]
[Black "Rodriguez Fontecha, Marcos"]
[WhiteFideId "2203375"]
[BlackFideId "2256576"]
[WhiteElo "2359"]
[BlackElo "2309"]
[Result "0-1"]
[Round "10"]
[TimeControl "180+2"]
[Date "2023.01.10"]
[WhiteClock "0:00:38"]
[BlackClock "0:00:44"]

1. e4 e6 2. d4 d5 3. e5 c5 4. c3 Nc6 5. Nf3 Qb6 6. a3 f6 7. Bd3 fxe5 8. dxe5 g6 9. O-O Bg7 10. Re1 Nge7 11. c4 O-O 12. Nc3 Nd4 13. Nxd4 cxd4 14. Nb5 Nf5 15. Bf4 Bd7 16. c5 Qxc5 17. Rc1 Qb6 18. Qe2 a6 19. Nd6 Nxd6 20. exd6 Rxf4 21. Rc7 Qxd6 22. Rxb7 e5 23. g3 Rff8 24. Rc1 Rac8 25. Rxc8 Bxc8 26. Ra7 e4 27. Bxa6 d3 28. Bxd3 exd3 29. Qxd3 Bf5 30. Qe3 d4 31. Qb3+ Be6 32. Qb7 Bf7 33. Ra6 Qd5 34. Qxd5 Bxd5 35. Rd6 Bf3 36. b4 Rc8 0-1


[Site "https://www.chess.com"]

[Event "Titled Tuesday Blitz January 10 Late 2023"]
[White "Skurikhin, Dmitrij"]
[Black "Martinez, Marcel"]
[WhiteFideId "4161297"]
[BlackFideId "2016249"]
[WhiteElo "2297"]
[BlackElo "2402"]
[Result "0-1"]
[Round "10"]
[TimeControl "180+2"]
[Date "2023.01.10"]
[WhiteClock "0:00:08"]
[BlackClock "0:00:55"]

1. d4 d5 2. c4 c6 3. Nf3 Nf6 4. Nc3 dxc4 5. a4 Bf5 6. e3 e6 7. Bxc4 Bb4 8. O-O O-O 9. Qe2 Bg6 10. Ne5 Nbd7 11. Nxg6 hxg6 12. Qc2 Qe7 13. Bd2 a5 14. Bb3 Rac8 15. Na2 Bxd2 16. Qxd2 b6 17. Nc3 Qb4 18. Ba2 c5 19. Rfd1 Rfd8 20. Nb5 Qxd2 21. Rxd2 Ne4 22. Rc2 cxd4 23. Nxd4 Rxc2 24. Nxc2 Ndc5 25. f3 Rd2 26. Na3 Nd6 27. e4 Nxa4 28. e5 Nf5 29. Nc4 Rd4 30. b3 Nc3 31. Kf1 b5 32. Nxa5 Rd2 0-1


[Site "https://www.chess.com"]

[Event "Titled Tuesday Blitz January 10 Late 2023"]
[White "Pakleza, Zbigniew"]
[Black "Seletsky, Grigory"]
[WhiteFideId "1119290"]
[BlackFideId "14112191"]
[WhiteElo "2494"]
[BlackElo "2259"]
[Result "0-1"]
[Round "10"]
[TimeControl "180+2"]
[Date "2023.01.10"]
[WhiteClock "0:00:03"]
[BlackClock "0:00:16"]

1. d4 d6 2. Nf3 Nd7 3. Bf4 Ngf6 4. h3 g6 5. e3 Bg7 6. Be2 O-O 7. O-O b6 8. c3 Bb7 9. a4 a6 10. Nbd2 c5 11. Bh2 Qc7 12. Qb3 Bd5 13. c4 Bb7 14. d5 Ne8 15. e4 Rb8 16. Qc2 Ne5 17. Ne1 Bc8 18. f4 Nd7 19. Nef3 Qd8 20. e5 Nc7 21. Ne4 Ne8 22. Kh1 f5 23. Neg5 Nc7 24. Ne6 Nxe6 25. dxe6 Nf6 26. exf6 Bxf6 27. Ng5 Bxg5 28. fxg5 Bxe6 29. Bf3 Bf7 30. Rad1 Qc7 31. Rfe1 e5 32. Bd5 Rbd8 33. Bxf7+ Rxf7 34. Rd5 f4 35. Red1 Qe7 36. Qb3 Qxg5 37. Qxb6 f3 38. gxf3 Rxf3 39. Rxe5 Qf6 40. Ree1 Rf2 41. Qb7 d5 42. Re3 Rxb2 43. Qxd5+ Rxd5 44. cxd5 Qf2 45. Bg1 Qg2# 0-1


[Site "https://www.chess.com"]

[Event "Titled Tuesday Blitz January 10 Late 2023"]
[White "Melikyan, Gnel"]
[Black "Bon, Michael"]
[WhiteFideId "54109990"]
[BlackFideId "620696"]
[WhiteElo "2238"]
[BlackElo "2394"]
[Result "1-0"]
[Round "10"]
[TimeControl "180+2"]
[Date "2023.01.10"]
[WhiteClock "0:00:07"]
[BlackClock "0:00:01"]

1. Na3 g6 2. Nf3 Bg7 3. d4 d6 4. e3 Nf6 5. Be2 O-O 6. O-O c5 7. b3 cxd4 8. exd4 d5 9. c4 Nc6 10. Bb2 Bf5 11. Ne5 Qa5 12. Bf3 Rfd8 13. Qe1 Qb6 14. c5 Qc7 15. Nb5 Qc8 16. a4 Nxe5 17. dxe5 Ne4 18. b4 a5 19. Nd4 axb4 20. Nxf5 gxf5 21. Bd4 Nxc5 22. Qxb4 Ne6 23. Bb6 Rd7 24. Rac1 Qb8 25. Rfe1 Bxe5 26. g3 Bf6 27. Qb1 Qd6 28. a5 Ng7 29. Qb5 e6 30. Bc5 Qc6 31. Qxc6 bxc6 32. Bb6 Bd8 33. Rxc6 Bxb6 34. axb6 Rb8 35. Rb1 Rdb7 36. Be2 Ne8 37. Ba6 Rd7 38. Rc8 Rd8 39. Rxd8 Rxd8 40. Rc1 Nd6 41. Rc6 Kf8 42. b7 1-0


[Site "https://www.chess.com"]

[Event "Titled Tuesday Blitz January 10 Late 2023"]
[White "Janaszak, Dawid"]
[Black "Becerra, Juan David"]
[WhiteFideId "1119206"]
[BlackFideId "4404998"]
[WhiteElo "2316"]
[BlackElo "2382"]
[Result "1-0"]
[Round "10"]
[TimeControl "180+2"]
[Date "2023.01.10"]
[WhiteClock "0:00:07"]
[BlackClock "0:00:08"]

1. e4 e5 2. Nf3 Nc6 3. d4 exd4 4. Nxd4 Nf6 5. Nxc6 bxc6 6. e5 Nd5 7. c4 Nb6 8. Bd3 d6 9. exd6 Bxd6 10. O-O O-O 11. Nc3 Be6 12. c5 Bxc5 13. Bxh7+ Kxh7 14. Qh5+ Kg8 15. Qxc5 Qd6 16. Qh5 Qd3 17. Bf4 Nd5 18. Nxd5 Qxd5 19. Qxd5 Bxd5 20. Bxc7 Rfe8 21. Rfe1 Rxe1+ 22. Rxe1 Bxa2 23. b4 Bd5 24. f3 Kh7 25. Kf2 Kg6 26. h4 Rc8 27. Re7 a6 28. g4 Kh7 29. h5 Kg8 30. g5 Kh7 31. Be5 c5 32. bxc5 Rxc5 33. g6+ fxg6 34. Rxg7+ Kh6 35. hxg6 Bxf3 36. Re7 Bd5 37. g7 Bc4 38. Bd4 Rd5 39. Ke3 Rd8 40. Rc7 Ba2 41. Rc6+ Kh7 42. Rxa6 Bc4 43. Ra1 Re8+ 44. Kd2 Bd5 45. Ra5 Rd8 46. Ke3 Re8+ 47. Kf2 Rd8 48. Ra3 Bf7 49. Bf6 Rd6 50. Rh3+ Kg6 51. Be5 Rd2+ 52. Ke3 Ra2 53. Rg3+ Kf5 54. Bc3 Ra3 55. Rf3+ Ke6 56. Kd4 Ra4+ 57. Kc5 Ke7 58. Re3+ Kd7 59. Bf6 Rc4+ 60. Kb5 Rf4 61. Re7+ Kd6 62. Rxf7 1-0


[Site "https://www.chess.com"]

[Event "Titled Tuesday Blitz January 10 Late 2023"]
[White "Golubev, Mikhail"]
[Black "Szyszylo, Rafal"]
[WhiteFideId "14100983"]
[BlackFideId "1109626"]
[WhiteElo "2461"]
[BlackElo "2091"]
[Result "1-0"]
[Round "10"]
[TimeControl "180+2"]
[Date "2023.01.10"]
[WhiteClock "0:00:21"]
[BlackClock "0:00:45"]

1. e4 d6 2. d4 Nf6 3. Nc3 g6 4. Be3 c6 5. h3 b5 6. e5 Nfd7 7. exd6 exd6 8. d5 b4 9. Qd4 Nf6 10. Qxb4 c5 11. Bb5+ Nbd7 12. Qf4 Be7 13. Nf3 O-O 14. O-O Rb8 15. Rab1 Nb6 16. Rfd1 Bf5 17. Rd2 Nbxd5 18. Nxd5 Nxd5 19. Rxd5 Rxb5 20. Rxf5 gxf5 21. Qxf5 Bf6 22. Bh6 Re8 23. Ng5 Re5 24. Qxh7# 1-0


[Site "https://www.chess.com"]

[Event "Titled Tuesday Blitz January 10 Late 2023"]
[White "Dedona, Mark"]
[Black "Bayo Milagro, Alvaro"]
[WhiteFideId "30920256"]
[BlackFideId "22275240"]
[WhiteElo "1662"]
[BlackElo "2287"]
[Result "0-1"]
[Round "10"]
[TimeControl "180+2"]
[Date "2023.01.10"]
[WhiteClock "0:00:42"]
[BlackClock "0:00:25"]

1. e4 e5 2. Nc3 Nf6 3. f4 d5 4. fxe5 Nxe4 5. Qf3 f5 6. d3 Nxc3 7. bxc3 d4 8. Bd2 Nc6 9. Qg3 Be6 10. Nf3 g6 11. Be2 Bc5 12. cxd4 Nxd4 13. Nxd4 Qxd4 14. c3 Qd5 15. d4 Bb6 16. Bf3 Qc4 17. Be2 Qa4 18. O-O O-O 19. Bd1 Qd7 20. Bb3 Rad8 21. Bg5 Rde8 22. Rad1 Bxb3 23. axb3 Qd5 24. b4 Rxe5 25. Kh1 Ree8 26. c4 Qxc4 27. d5 Qg4 28. Qxg4 fxg4 29. Bf4 h5 30. g3 Re4 31. d6 cxd6 32. Rxd6 Bc7 33. Rxg6+ Kh7 34. Rg5 Bxf4 35. Rxf4 Rfxf4 36. gxf4 Rxf4 37. Rxh5+ Kg6 38. Rb5 b6 39. Kg2 Rf5 0-1


[Site "https://www.chess.com"]

[Event "Titled Tuesday Blitz January 10 Late 2023"]
[White "Roman, Rodrigo"]
[Black "Gurevich, Dmitry"]
[WhiteFideId "3701220"]
[BlackFideId "2000407"]
[WhiteElo "2058"]
[BlackElo "2393"]
[Result "0-1"]
[Round "10"]
[TimeControl "180+2"]
[Date "2023.01.10"]
[WhiteClock "0:00:30"]
[BlackClock "0:00:55"]

1. e4 c5 2. Nf3 d6 3. d4 cxd4 4. Nxd4 Nf6 5. Nc3 Nc6 6. Bg5 g6 7. Bxf6 exf6 8. Nd5 Bg7 9. Bb5 Bd7 10. O-O O-O 11. c3 Nxd4 12. Bxd7 Qxd7 13. Qxd4 f5 14. Qd3 fxe4 15. Qxe4 Rfe8 16. Qd3 Re5 17. Rad1 Rae8 18. Ne3 Qb5 19. Qxb5 Rxb5 20. Nc4 Re6 21. Rd2 d5 22. Ne3 Bh6 23. Re1 Bxe3 24. Rxe3 Rxe3 25. fxe3 f5 26. Kf2 Kf7 27. Ke2 Ke6 28. Kd3 Ke5 29. b3 a5 30. Rf2 g5 31. h4 h6 32. Rf1 Rc5 33. Rh1 b5 34. hxg5 hxg5 35. Rh5 g4 36. g3 b4 37. c4 dxc4+ 38. bxc4 Rc8 39. Rh7 Ra8 40. Rb7 Kf6 41. c5 Ke5 42. Re7+ Kd5 43. Rf7 Rd8 44. Rc7 a4 45. Kd2 Kc4+ 46. Kc2 b3+ 47. axb3+ axb3+ 48. Kc1 Kc3 49. Rb7 Ra8 50. Kb1 Rh8 0-1


[Site "https://www.chess.com"]

[Event "Titled Tuesday Blitz January 10 Late 2023"]
[White "reevecanada"]
[Black "Skaric, Djuro"]
[BlackFideId "934569"]
[WhiteElo "2497"]
[BlackElo "2334"]
[Result "0-1"]
[Round "10"]
[TimeControl "180+2"]
[Date "2023.01.10"]
[WhiteClock "0:01:12"]
[BlackClock "0:01:38"]

1. e4 d6 2. d4 g6 3. Bd3 Bg7 4. Ne2 Nf6 5. O-O O-O 6. c3 Nc6 7. f3 e5 8. d5 Ne7 9. c4 Ne8 10. Nbc3 f5 11. Be3 f4 12. Bf2 g5 13. Qc1 h5 14. Rd1 Rf7 15. Kf1 Bf8 16. Ke1 Rg7 17. Kd2 Bd7 18. Rg1 c5 19. g4 h4 20. h3 a6 21. a4 Nc7 22. a5 Rb8 23. Bc2 b5 24. b3 b4 25. Nb1 Kh7 26. Kd3 Ng8 27. Bd1 Ne8 28. Nd2 Nef6 29. Nf1 Nh6 30. Bxh4 gxh4 31. g5 Nh5 32. gxh6 Rxg1 33. Nxg1 Bxh6 34. Nh2 Ng3 35. Ng4 Bxg4 36. hxg4 h3 37. Nxh3 Qh4 38. Nf2 Nf1 39. Qd2 Ne3 40. Qe2 Bg5 41. Bc2 Kg6 42. Rh1 Qg3 43. Nd1 Rb7 44. Rh5 Rh7 45. Rxh7 Kxh7 46. Kd2 Kg6 47. Bd3 Bh4 48. Bb1 Qg1 49. Bd3 Bg3 50. Bb1 Nxd1 51. Qxd1 Qe3+ 52. Kc2 Qc3# 0-1


[Site "https://www.chess.com"]

[Event "Titled Tuesday Blitz January 10 Late 2023"]
[White "Kozin, Yuri"]
[Black "rikchessmx"]
[WhiteFideId "4129920"]
[WhiteElo "2251"]
[BlackElo "2330"]
[Result "1-0"]
[Round "10"]
[TimeControl "180+2"]
[Date "2023.01.10"]
[WhiteClock "0:02:37"]
[BlackClock "0:02:39"]

1. e4 e5 2. Nf3 Nc6 3. Bb5 a6 4. Ba4 Nf6 5. O-O Be7 6. Re1 b5 7. Bb3 O-O 8. a4 b4 9. d3 Rb8 10. Bg5 d6 11. h3 Na5 12. Ba2 c5 13. Bxf6 Bxf6 14. Nbd2 Be6 15. Nc4 Bxc4 16. Bxc4 Qc7 17. Bd5 g6 18. Nd2 Bg7 19. Nc4 Nc6 20. Bxc6 Qxc6 21. Ne3 f5 22. Nd5 f4 23. Ne7+ 1-0


[Site "https://www.chess.com"]

[Event "Titled Tuesday Blitz January 10 Late 2023"]
[White "Jovic, Stanoje"]
[Black "Lopez Idarraga, Daniel Eduardo"]
[WhiteFideId "905020"]
[BlackFideId "4405501"]
[WhiteElo "2075"]
[BlackElo "2009"]
[Result "0-1"]
[Round "10"]
[TimeControl "180+2"]
[Date "2023.01.10"]
[WhiteClock "0:00:30"]
[BlackClock "0:01:48"]

1. c4 Nf6 2. g3 e6 3. Bg2 d5 4. Nf3 Be7 5. O-O O-O 6. d4 dxc4 7. Ne5 Nc6 8. Bxc6 bxc6 9. Nxc6 Qe8 10. Nxe7+ Qxe7 11. Na3 c5 12. Nxc4 cxd4 13. b3 e5 14. Ba3 Qe6 15. Bxf8 Kxf8 16. f4 Bb7 17. Nxe5 Rd8 18. Qd2 Qb6 19. Rac1 d3+ 20. e3 Ne4 21. Qg2 Qxe3+ 22. Kh1 Nf2+ 23. Kg1 Nh3+ 24. Kh1 Qg1+ 25. Rxg1 Nf2# 0-1


[Site "https://www.chess.com"]

[Event "Titled Tuesday Blitz January 10 Late 2023"]
[White "Zanette, Edgard Vinicius"]
[Black "Khandelwal, Ankush"]
[WhiteFideId "2109263"]
[BlackFideId "413470"]
[WhiteElo "2085"]
[BlackElo "2205"]
[Result "1-0"]
[Round "10"]
[TimeControl "180+2"]
[Date "2023.01.10"]
[WhiteClock "0:00:14"]
[BlackClock "0:00:19"]

1. e4 c5 2. Nc3 a6 3. g3 b5 4. d3 Bb7 5. Bg2 e6 6. f4 Nf6 7. Nf3 b4 8. Ne2 d5 9. e5 Nfd7 10. O-O Nc6 11. Be3 Be7 12. d4 O-O 13. c3 a5 14. Qd2 a4 15. cxb4 cxb4 16. b3 axb3 17. axb3 Ra3 18. Rxa3 bxa3 19. f5 exf5 20. Nf4 Na5 21. e6 Nf6 22. exf7+ Rxf7 23. Ne5 Nxb3 24. Qc2 Ng4 25. Nxg4 Nxd4 26. Bxd4 fxg4 27. Ne6 Rxf1+ 28. Bxf1 Qa5 29. Nxg7 a2 30. Nf5 Bc5 31. Nh6+ Kf8 32. Qf2+ Ke8 33. Bxc5 a1=Q 34. Bb6 Q5e1 35. Qf7# 1-0


[Site "https://www.chess.com"]

[Event "Titled Tuesday Blitz January 10 Late 2023"]
[White "Kabilov, Amin"]
[Black "Bochnicka, Vladimir"]
[WhiteFideId "14700859"]
[BlackFideId "14943450"]
[WhiteElo "2207"]
[BlackElo "2327"]
[Result "0-1"]
[Round "10"]
[TimeControl "180+2"]
[Date "2023.01.10"]
[WhiteClock "0:00:13"]
[BlackClock "0:00:44"]

1. e4 c5 2. Nf3 Nc6 3. Bb5 e6 4. O-O Nge7 5. c3 a6 6. Bd3 b5 7. Bc2 Bb7 8. d4 cxd4 9. cxd4 Rc8 10. d5 Nb4 11. Bb3 exd5 12. exd5 Nbxd5 13. Re1 g6 14. Bg5 Rc5 15. Nc3 Nxc3 16. bxc3 Rf5 17. Qd4 Rg8 18. Ne5 Bg7 19. Bxe7 Qxe7 20. Nxg6 Bxd4 21. Rxe7+ Kd8 22. Rxf7 Bxf2+ 23. Kf1 Bxg2+ 24. Ke2 Re8+ 25. Kd2 hxg6 26. Rxf5 gxf5 0-1


[Site "https://www.chess.com"]

[Event "Titled Tuesday Blitz January 10 Late 2023"]
[White "Belenkaya, Dina"]
[Black "Zampronha, Wladimir Camilo"]
[WhiteFideId "24142654"]
[BlackFideId "2103087"]
[WhiteElo "2267"]
[BlackElo "2176"]
[Result "1/2-1/2"]
[Round "10"]
[TimeControl "180+2"]
[Date "2023.01.10"]
[WhiteClock "0:00:09"]
[BlackClock "0:00:11"]

1. Nf3 Nf6 2. g3 e6 3. Bg2 d5 4. d3 Be7 5. Nbd2 O-O 6. O-O c5 7. e4 Nc6 8. e5 Nd7 9. Qe2 b5 10. Re1 a5 11. Nf1 a4 12. h3 b4 13. g4 Ba6 14. Ng3 c4 15. d4 c3 16. Qd1 cxb2 17. Bxb2 Na5 18. Nd2 Nc4 19. Nxc4 Bxc4 20. Bf1 Nb6 21. Bc1 Bxf1 22. Nxf1 Nc4 23. Rb1 Qa5 24. Bd2 Rfc8 25. Ne3 Nxd2 26. Qxd2 Qc7 27. Rec1 Rab8 28. Nd1 h6 29. Kf1 Qc4+ 30. Ke1 Qxa2 31. Ra1 Qc4 32. Rxa4 Ra8 33. Rxa8 Rxa8 34. Ne3 Qb5 35. Rb1 Ra2 36. Qe2 Qa4 37. Qd1 Bg5 38. Qd2 Bxe3 39. fxe3 Ra1 40. Rxa1 Qxa1+ 41. Ke2 Qg1 42. Qxb4 Qg2+ 43. Kd3 Qxh3 44. Qb8+ Kh7 45. Qc7 Kg6 46. c4 Qf1+ 47. Kc3 dxc4 48. Qxc4 Qc1+ 49. Kd3 Qb1+ 50. Kd2 Qb2+ 51. Kd3 Qb1+ 52. Kd2 Qb2+ 53. Kd3 Qb1+ 1/2-1/2


[Site "https://www.chess.com"]

[Event "Titled Tuesday Blitz January 10 Late 2023"]
[White "Arencibia Monduy, Antonio"]
[Black "De Arruda, Leandro Formes"]
[WhiteFideId "3507939"]
[BlackFideId "22722009"]
[WhiteElo "2122"]
[BlackElo "1980"]
[Result "1-0"]
[Round "10"]
[TimeControl "180+2"]
[Date "2023.01.10"]
[WhiteClock "0:00:12"]
[BlackClock "0:00:01"]

1. e4 e6 2. d4 d5 3. Nc3 dxe4 4. Nxe4 Nd7 5. Nf3 Ngf6 6. Nc3 Be7 7. Bd3 O-O 8. Qe2 b6 9. Bf4 Bb7 10. O-O-O a6 11. h3 b5 12. Rhg1 b4 13. Ne4 Nxe4 14. Bxe4 Bxe4 15. Qxe4 Nf6 16. Qd3 Qd5 17. Kb1 a5 18. Bxc7 Rfc8 19. Be5 Ne4 20. Qe3 Nc3+ 21. bxc3 bxc3 22. Ka1 Ba3 23. Rb1 Bb2+ 24. Rxb2 cxb2+ 25. Kxb2 Qc4 26. Qd3 Qa4 27. Qb3 Qc6 28. a4 Ra6 29. d5 exd5 30. Nd4 Qc5 31. Rd1 Re8 32. Bg3 h6 33. Nb5 Rd8 34. Qc3 Qe7 35. Bc7 Rc8 36. Rxd5 Raa8 37. Rc5 Qe2 38. Bg3 Rd8 39. Be5 f6 40. Bg3 Rd2 41. Rc7 Rad8 42. Qc4+ Kh8 43. Qxe2 Rxe2 44. Ra7 Rd4 45. Rxa5 Rb4+ 46. Kc3 Rbe4 47. Ra8+ Kh7 48. Kb3 Re1 49. Nc3 Re7 50. Rb8 Ra1 51. Rb4 Ra7 52. Kb2 Re1 53. Bf4 Re4 54. Rxe4 1-0


[Site "https://www.chess.com"]

[Event "Titled Tuesday Blitz January 10 Late 2023"]
[White "Osmonbekov, Talaibek"]
[Black "Arenas, David"]
[WhiteFideId "2017253"]
[BlackFideId "4403177"]
[WhiteElo "2137"]
[BlackElo "2426"]
[Result "0-1"]
[Round "10"]
[TimeControl "180+2"]
[Date "2023.01.10"]
[WhiteClock "0:00:19"]
[BlackClock "0:00:26"]

1. d4 Nf6 2. Bf4 e6 3. Nc3 c5 4. e3 cxd4 5. exd4 a6 6. Nf3 b5 7. Bd3 Bb7 8. O-O Be7 9. Re1 O-O 10. Qe2 b4 11. Ne4 Nxe4 12. Bxe4 Bxe4 13. Qxe4 d5 14. Qe5 Nd7 15. Qh5 Nf6 16. Qh3 Qb6 17. Be5 Rfc8 18. Re2 h6 19. g4 Ne4 20. Kh1 a5 21. Rg1 a4 22. Ne1 a3 23. b3 Rc3 24. f3 Ng5 25. Qg2 Rac8 26. h4 Nh7 27. g5 hxg5 28. Qh2 f6 29. hxg5 fxe5 30. g6 Nf8 31. Qh5 Qxd4 32. Rh2 Nxg6 33. Qxg6 Bf6 34. Qxf6 Qxg1+ 35. Kxg1 gxf6 36. Rh4 d4 37. Rg4+ Kf7 38. Rh4 Rxc2 39. Nxc2 Rxc2 40. Rh7+ Kg6 41. Rb7 Rxa2 42. Rxb4 Rb2 43. Ra4 a2 44. f4 Rb1+ 0-1


[Site "https://www.chess.com"]

[Event "Titled Tuesday Blitz January 10 Late 2023"]
[White "Carbone, Diego"]
[Black "Marcolino, Daniel Mattos"]
[WhiteFideId "3002179"]
[BlackFideId "2106841"]
[WhiteElo "2336"]
[BlackElo "2006"]
[Result "1-0"]
[Round "10"]
[TimeControl "180+2"]
[Date "2023.01.10"]
[WhiteClock "0:01:35"]
[BlackClock "0:01:38"]

1. d4 Nf6 2. c4 e6 3. g3 d5 4. Bg2 dxc4 5. Nf3 Nc6 6. O-O a6 7. e3 Rb8 8. Nfd2 Bd7 9. Nxc4 Be7 10. Nc3 O-O 11. a3 b5 12. Ne5 Na5 13. b4 Nb7 14. Bb2 Nd6 15. Qb3 Bc8 16. Nc6 1-0


[Site "https://www.chess.com"]